 Dungeon Crawl Stone Soup version 0.32-a0-705-g60f233581c (webtiles) character file.

Game seed: 10043116988133092764

627 seren the Sneak (level 7, -5/45 HPs)
             Began as an Octopode Shapeshifter on Mar 14, 2024.
             Slain by a sky beast (6 damage)
             ... on level 5 of the Dungeon.
             The game lasted 00:08:55 (4029 turns).

seren the Sneak (Octopode Shapeshifter)             Turns: 4029, Time: 00:08:55

Health: -5/45      AC:  1    Str: 16    XL:     7   Next: 48%
Magic:  16/16      EV: 12    Int: 12    God:
Gold:   198        SH:  0    Dex: 11    Spells: 6/6 levels left

rFire   . .          .
                       - Unarmed
rCold   . . .        (no shield)
rNeg    . . .        (helmet currently unavailable)
rPois   .            s - amulet of the acrobat
rElec   .            r - ring of magical power
rCorr   .            (no ring)
SInv    .            (no ring)
Will    .....        (no ring)
Stlth   ++++         (no ring)
HPRegen 0.27/turn    (no ring)
MPRegen 0.15/turn    (no ring)
                     (no ring)

%: acrobat
@: beast-form
A: beast (slay +2), almost no armour, amphibious, 8 rings, camouflage 1,
gelatinous body 1, (nimble swimmer 1), tentacles
a: Begin Untransformation


You were on level 5 of the Dungeon.
You were a hulking beast.
You visited 1 branch of the dungeon, and saw 5 of its levels.
You also visited: Sewer.

You collected 198 gold pieces.

Inventory:

Missiles
 u - 3 javelins (quivered)
Jewellery
 r - a ring of magical power (left tentacle)
 s - an amulet of the acrobat (around mantle)
 w - a ring of see invisible
Talismans
 b - a beast talisman (active)
 c - a flux talisman
Wands
 e - a wand of acid (7)
 o - a wand of flame (17)
 z - a wand of mindburst (12)
Scrolls
 h - a scroll of fog {unknown}
 i - 2 scrolls of amnesia
 k - a scroll of revelation {unknown}
 m - 2 scrolls of teleportation {!r}
 q - a scroll of silence {unknown}
 t - 2 scrolls of blinking {unknown}
 y - a scroll of enchant armour {unknown}
 A - a scroll of enchant weapon {unknown}
Potions
 a - 3 potions of lignification
 d - a potion of resistance {unknown}
 f - 2 potions of brilliance {unknown}
 g - 2 potions of ambrosia
 j - 3 potions of haste
 l - 2 potions of might
 n - a potion of curing {unknown}
 p - 3 potions of heal wounds
 v - 3 potions of mutation {!q}


   Skills:
 + Level 2.9 Fighting
 - Level 1.8 Throwing
 + Level 3.3 Dodging
 * Level 4.9 Stealth
 + Level 4.1 Unarmed Combat
 * Level 1.5 Evocations
 + Level 4.6 Shapeshifting


You had 6 spell levels left.
You didn't know any spells.
Your spell library contained the following spells:

 Spells                   Type           Power      Damage    Failure   Level
 Call Imp                 Summ           0%         N/A       45%         2
 Sublimation of Blood     Necr           0%         N/A       45%         2
 Frozen Ramparts          Ice            0%         1d1       69%         3
 Ozocubu's Armour         Ice            0%         N/A       69%         3
 Passwall                 Erth           0%         N/A       69%         3
 Volatile Blastmotes      Fire/Tloc      0%         2d10      69%         3
 Metabolic Englaciation   Hex/Ice        0%         N/A       100%        5
 Bombard                  Conj/Erth      0%         9d1       100%        6
 Summon Hydra             Summ           0%         N/A       100%        7


Dungeon Overview and Level Annotations

Branches:
Dungeon (5/15)              Sewer (visited)
 Temple: D:4-7

Altars:
Cheibriados
Uskayaw
Vehumet

Annotations:
D:5 Dowan, Duvessa, Edmund


Innate Abilities, Weirdness & Mutations

You are a hulking beast.
Your limbs bulge with bestial killing power. (Slay +2)
You cannot wear most types of armour.
You are amphibious.
You can wear up to eight rings at the same time.
Your skin changes colour to match your surroundings (Stealth+).
Your rubbery body absorbs attacks. (AC +1, EV +1)
((You are camouflaged when in or above water. (Stealth+)))
You have tentacles for arms and can constrict up to eight enemies at once.


Message History

Aim: an ice beast (wandering, hasn't noticed you, 71% to hit)
The puff of flame hits the ice beast but does no damage.
Aiming: Throw Flame
Press: ? - help, Shift-Dir - straight line, f/p - ice beast
Aim: an ice beast (71% to hit)
The puff of flame misses the ice beast.
The sky beast flickers out of sight!
Deactivating autopickup; reactivate with Ctrl-A.
Aiming: Throw Flame
Press: ? - help, Shift-Dir - straight line, f/p - ice beast
Aim: an ice beast (71% to hit)
The puff of flame hits the ice beast.
The ice beast melts!
The ice beast is moderately wounded.
A hound comes into view.
You closely miss the ice beast.
The hound barks!
You squeeze the ice beast!
The ice beast is heavily wounded.
The ice beast hits you. The ice beast freezes you!
* * * LOW HITPOINT WARNING * * *
You closely miss the ice beast.
The ice beast is heavily wounded.
The ice beast hits you.
* * * LOW HITPOINT WARNING * * *
The ice beast freezes you!
* * * LOW HITPOINT WARNING * * *
You bludgeon the ice beast! Your squeeze misses the ice beast.
The ice beast is severely wounded.
You closely miss the ice beast. Your squeeze misses the ice beast.
The ice beast is severely wounded.
Edmund the Younger comes into view.
He is wielding a +0 flail of draining.
Something hits you.
* * * LOW HITPOINT WARNING * * *
Something shocks you.
* * * LOW HITPOINT WARNING * * *
The ice beast misses you.
Reactivating autopickup.
A sky beast appears from thin air!
The sky beast hits you.
* * * LOW HITPOINT WARNING * * *
The sky beast shocks you.
You die...

##.## .##...# ....
.##.>.# .... .##...# ...
##.##...# .. #..##...##
# ######.# #....# #
#......###hYh.# #
#......÷...Y..# #
#.......##.#..#### #
#.......#......@.. ##
#.......#......## #
.#### ###.....#.####.#
..# ~~~.##
###.....####.#..#
≈≈≈~.####...######.....#
~.≈~..........#
#.#......#


You could see Edmund (wandering), an ice beast, a sky beast and a hound.

Vanquished Creatures
  Eustachio (D:4)
  A phantom (D:4)
  A scorpion (D:5)
  A bombardier beetle (D:4)
  2 hounds (D:5)
  A sleepcap (D:5)
  An iguana (D:5)
  Ijyb (D:3)
  Robin (D:3)
  6 adders
  A white imp (D:5)
  4 dart slugs
  5 orcs
  7 ball pythons
  7 bats
  4 endoplasms
  10 giant cockroaches
  14 goblins
  6 hobgoblins
  7 jackals
  7 frilled lizards
  8 kobolds
  4 rats
100 creatures vanquished.

Notes
Turn   | Place    | Note
-------+----------+-------------------------------------------
     0 | D:1      | seren the Octopode Shapeshifter began the quest for the
                  | Orb.
     0 | D:1      | Reached XP level 1. HP: 13/13 MP: 1/1
    61 | D:1      | Reached XP level 2. HP: 12/18 MP: 2/2
   439 | D:1      | Reached XP level 3. HP: 21/23 MP: 3/3
   577 | D:2      | Reached skill level 1 in Stealth
  1365 | D:2      | Found a hide-covered altar of Uskayaw.
  1495 | D:3      | Noticed Robin
  1520 | D:3      | Reached XP level 4. HP: 29/29 MP: 4/4
  1538 | D:3      | Killed Robin
  1668 | D:3      | Noticed Ijyb
  1776 | D:3      | Killed Ijyb
  2117 | D:3      | Reached XP level 5. HP: 34/34 MP: 5/5
  2502 | D:4      | Noticed a phantom
  2531 | D:4      | Found a radiant altar of Vehumet.
  2969 | D:4      | Noticed Eustachio
  3217 | D:5      | Entered Level 5 of the Dungeon
  3325 | D:5      | Noticed Duvessa
  3325 | D:5      | Noticed Dowan
  3340 | D:5      | Reached XP level 6. HP: 36/40 MP: 6/6
  3407 | D:5      | Reached skill level 1 in Throwing
  3431 | D:5      | Found a snail-covered altar of Cheibriados.
  3579 | D:5      | Found a glowing drain.
  3583 | Sewer    | Entered a sewer
  3608 | Sewer    | Noticed Pargi
  3812 | D:4      | Killed Eustachio
  3813 | D:4      | Reached skill level 1 in Evocations
  3813 | D:4      | Reached XP level 7. HP: 31/45 MP: 7/7
  4028 | D:5      | Noticed Edmund
  4029 | D:5      | HP: 1/45 [sky beast (3)]
  4029 | D:5      | Slain by a sky beast

Illustrated notes

Levels and vault maps discovered:
D:1:      dpeg_arrival_rooms_b, layout_basic
D:2:      layout_loops_corners, basic_altar, chequers_avenue
D:3:      layout_rooms, uniq_ijyb, uniq_robin
D:4:      layout_loops_cross, fiery_altar_vehumet, uniq_eustachio
D:5:      layout_basic, kennysheep_slug_shrine, general_overflow_altar,
          mainiacjoe_sewer_entry_somewhere_in_here_2, uniq_edmund, uniq_duvessa,
          uniq_menkaure, uniq_grinder

Skill      XL: |  1  2  3  4  5  6 |
---------------+-------------------+-----
Stealth        | 1 2 3 4 |  4.9
Fighting       | 2 |  2.9
Shapeshifting  | 4 |  4.6
Throwing       | 1 |  1.8
Dodging        | 3 |  3.3
Unarmed Combat | 4 |  4.1
Evocations     | 1 |  1.5

Action                     |  1- 3 |  4- 6 |  7- 9 || total
---------------------------+-------+-------+-------++-------
  Melee: Unarmed           |    57 |   121 |    24 ||   202
         Constrict         |    18 |    37 |       ||    55
         Tentacles         |    17 |    24 |     3 ||    44
         Punch             |     4 |     4 |       ||     8
  Evoke: Wand              |       |     1 |     3 ||     4
    Use: Scroll            |     3 |     4 |       ||     7
         Potion            |       |     1 |       ||     1
   Stab: Sleeping          |     7 |     9 |     1 ||    17
         Distracted        |       |     1 |       ||     1
 Armour: Skin              |    23 |    44 |     7 ||    74
  Dodge: Dodged            |    32 |    76 |    15 ||   123

Table legend: (Time is in decaauts)
 A = Elapsed time spent in this place.
 B = Non-inter-level travel time spent in this place.
 C = Inter-level travel time spent in this place.
 D = Time resting spent in this place.
 E = Time spent auto-exploring this place.
 F = Levels seen in this place.
 G = Mean time per level.
                   A        B        C        D        E       F      G
               +--------+--------+--------+--------+--------+-----+--------+
         Total |   4019 |   3729 |    290 |    437 |   2238 |   6 |  669.8 |
       Dungeon |   3850 |   3560 |    290 |    437 |   2226 |   5 |  770.0 |
         Sewer |    169 |    169 |      0 |      0 |     12 |   1 |  169.0 |
               +--------+--------+--------+--------+--------+-----+--------+

Top non-repeatable levels by time:
     D:2: 1089 daAuts
     D:4: 1038 daAuts
     D:3: 775 daAuts
     D:1: 556 daAuts
     D:5: 390 daAuts
   Sewer: 169 daAuts
